Map: Ruins of Seras

Players

juhyg - Winner!

  • Race: Zerg Zerg
  • League: Silver

orbital

  • Race: Protoss Protoss
  • League: Gold

VOD

Have the link to the VOD?

Description

Time

  • Played on: Feb. 7, 2016, 11:43 p.m.
  • Length: 15:50
Show
View Real Time Build Order
Export as new Build Order

juhyg Zerg - Winner!

Build Orders: Pool First 

Get SALT Encoding   

  12  0:19  Spawning Pool  
  11  0:22  Drone  
  11  0:27  Drone  
  13  0:31  Drone  
  14  0:36  Extractor  
  14  0:39  Drone  
  14  0:49  Overlord  
  14  1:17  Drone x2  
  16  1:21  Drone  
  17  1:29  Queen  
  17  1:31  Drone  
  20  1:41  Zergling x2  
  21  1:51  Drone  
  22  2:17  Overlord x2  
  22  2:41  Zergling x6  
  22  2:42  Zergling x4  
  27  2:45  Metabolic Boost  
  27  2:48  Zergling x2  
  27  3:03  Zergling x2  
  28  3:11  Zergling x4  
  28  3:12  Zergling x2  
  31  3:24  Zergling x2  
  31  3:25  Zergling x2  
  33  3:36  Zergling x2  
  34  3:43  Zergling x6  
  37  3:53  Overlord  
  37  4:17  Zergling x10  
  42  4:43  Zergling x4  
  36  5:04  Zergling x6  
  31  5:18  Zergling x2  
  31  5:19  Zergling x2  
  28  5:31  Zergling x2  
  29  5:45  Roach Warren  
  29  5:46  Extractor  
  29  5:47  Zergling x2  
  28  5:51  Zergling x2  
  29  6:05  Zergling x8  
  33  6:19  Drone  
  34  6:26  Zergling x2  
  35  6:37  Zergling x6  
  38  6:42  Zergling x2  
  27  7:13  Roach x4  
  33  7:18  Roach  
  35  7:31  Roach  
  37  7:37  Baneling Nest  
  36  7:51  Hatchery  
  36  7:58  Hatchery  
  34  8:02  Roach x4  
  42  8:15  Roach  
  42  8:18  Drone  
  40  8:39  Drone x3  
  40  8:40  Drone  
  44  8:47  Drone  
  45  8:55  Lair  
  45  8:57  Drone  
  46  9:13  Drone x6  
  52  9:22  Queen  
  52  9:23  Queen  
  56  9:27  Zergling x4  
  56  9:28  Overlord x2  
  58  9:49  Drone x2  
  58  9:50  Drone x4  
  64  10:06  Roach x4  
  64  10:07  Overlord, Roach  
  74  10:35  Spire  
  73  10:39  Drone x5  
  73  10:40  Drone x4  
  82  10:51  Overseer x2  
  81  11:13  Overlord x3  
  81  11:14  Overlord  
  81  11:25  Hydralisk Den  
  80  11:34  Overlord x3  
  80  11:52  Mutalisk x5  
  80  11:53  Mutalisk x6  
  80  11:54  Mutalisk x5  
  112  12:03  Roach x3  
  112  12:04  Zergling x4  
  120  12:22  Mutalisk  
  120  12:25  Zergling x12  
  120  12:26  Zergling x4  
  129  12:45  Zergling x6, Overlord  
  129  12:46  Overlord x3  
  114  14:01  Roach  
  114  14:02  Roach x6  
  130  14:03  Zergling x2, Roach  
  131  14:26  Zergling x10, Roach  
  138  14:34  Hydralisk x3  
  144  14:46  Hydralisk x3  
  144  14:47  Zergling x8  
  144  14:48  Zergling x4  
  156  14:54  Zergling x2  
  157  15:10  Roach x3  
  157  15:11  Zergling x2, Roach  
  166  15:27  Zergling x6, Overlord  
  169  15:28  Overlord x2  
  169  15:29  Overlord x6  
Show
View Real Time Build Order
Export as new Build Order

orbital Protoss 

Build Orders: Double Forge 

Get SALT Encoding   

  12  0:01  Probe (Chrono Boost)  
  13  0:11  Probe (Chrono Boost)  
  14  0:19  Pylon  
  15  0:28  Probe (Chrono Boost)  
  15  0:39  Probe (Chrono Boost)  
  15  0:42  Gateway  
  16  0:49  Probe (Chrono Boost)  
  17  0:53  Assimilator  
  17  1:00  Probe (Chrono Boost)  
  18  1:11  Probe (Chrono Boost)  
  19  1:12  Pylon  
  19  1:21  Probe (Chrono Boost)  
  20  1:29  Zealot  
  22  1:35  Cybernetics Core  
  22  1:54  Gateway  
  22  2:06  Nexus  
  22  2:31  Warp Gate (Chrono Boost)  
  22  2:33  Mothership Core  
  24  2:52  Robotics Facility  
  24  2:55  Assimilator  
  24  3:08  Adept  
  24  3:11  Adept  
  28  3:18  Pylon, Probe  
  29  3:29  Probe  
  29  3:34  Forge  
  30  3:40  Forge, Probe  
  30  3:42  Probe  
  32  3:50  Probe  
  33  4:01  Probe, Immortal  
  38  4:09  Probe  
  39  4:11  Probe  
  40  4:17  Protoss Ground Weapons Level 1  
  40  4:21  Probe  
  40  4:22  Probe  
  42  4:27  Pylon  
  42  4:32  Probe  
  34  4:47  Stalker x2  
  18  5:22  Immortal  
  18  5:26  Pylon  
  22  5:42  Stargate  
  22  5:43  Protoss Ground Armor Level 1  
  22  5:52  Pylon  
  22  5:59  Gateway  
  22  6:00  Gateway  
  22  6:14  Zealot  
  24  6:18  Zealot  
  26  6:30  Pylon  
  26  6:41  Pylon  
  26  6:47  Probe  
  26  6:51  Observer  
  24  7:26  Phoenix  
  26  7:32  Zealot x2  
  30  7:46  Zealot  
  30  7:48  Zealot  
  34  8:04  Zealot  
  36  8:21  Phoenix  
  38  8:46  Phoenix  
  38  8:47  Probe (Chrono Boost)  
  41  8:58  Probe (Chrono Boost)  
  42  9:09  Probe (Chrono Boost)  
  43  9:19  Probe (Chrono Boost)  
  44  9:30  Probe (Chrono Boost)  
  45  9:32  Nexus  
  45  9:40  Pylon  
  45  9:44  Probe (Chrono Boost)  
  46  9:48  Sentry  
  48  10:01  Sentry x3  
  54  10:19  Twilight Council  
  54  10:24  Phoenix  
  56  11:08  Assimilator  
  56  11:10  Zealot x4  
  64  11:29  Immortal  
  68  11:34  Probe (Chrono Boost)  
  69  11:44  Probe (Chrono Boost)  
  69  11:45  Pylon  
  70  11:54  Probe (Chrono Boost)  
  70  11:56  Charge (Chrono Boost)  
  71  12:28  Phoenix  
  73  12:41  Immortal  
  77  12:47  Templar Archives  
  77  12:53  Phoenix  
  73  13:06  Stalker  
  73  13:07  Stalker  
  55  13:34  Stalker x2  
  54  14:04  Probe  
  55  14:15  Probe  
  56  14:17  Probe  
  57  14:25  Probe  
  57  14:30  Pylon  
  58  14:33  Pylon x2  
  58  14:42  Gateway  
  58  15:02  Sentry x3  
  58  15:03  Sentry  
  66  15:17  Phoenix (Chrono Boost)  
Tags
 
Add a new tag
Caveats
  • Supply blocks, unpowered buildings, or Contaminate may cause inaccurate times.
  • Supply counts are checked every 10 seconds.